 Dungeon Crawl Stone Soup version 0.29.1-1-gd02db6906a (webtiles) character file.

Game seed: 15517224632824798556

915 leavemydog the Destroyer (level 7, -5/34 (36) HPs)
             Began as a Deep Elf Conjurer on Oct 7, 2022.
             Slain by a wight
             ... wielding a +1 vorpal hand axe
              (11 damage)
             ... on level 5 of the Dungeon.
             The game lasted 00:06:06 (4612 turns).

leavemydog the Destroyer (Deep Elf Conjurer)        Turns: 4612, Time: 00:06:07

HP:   -5/34 (36)    AC:  4    Str:  4    XL:     7   Next: 82%
MP:   14/20         EV: 12    Int: 25    God:
Gold: 193           SH:  0    Dex: 13    Spells: 14/21 levels left

rFire   . . .      SeeInvis .   h - +3 dagger (drain)
rCold   . . .      Faith    .   (no shield)
rNeg    + . .      Spirit   .   a - +0 robe
rPois   .          Reflect  .   (no helmet)
rElec   .          Harm     .   t - +0 cloak
rCorr   .          Rampage  .   (no gloves)
Will    .....                   p - +0 pair of boots
Stlth   ++........              m - amulet of magic regeneration
HPRegen 0.11/turn               q - ring of positive energy
MPRegen 0.57/turn               (no ring)

@: drained
A: no striking features
a: no special abilities


You were on level 5 of the Dungeon.
You visited 1 branch of the dungeon, and saw 5 of its levels.

You collected 193 gold pieces.

Inventory:

Hand Weapons
 h - a +3 dagger of draining (weapon)
Missiles
 f - 6 javelins
Armour
 a - a +0 robe (worn)
 p - a +0 pair of boots (worn)
 t - a +0 cloak (worn)
Jewellery
 m - an amulet of magic regeneration (around neck)
 o - an amulet of reflection
 q - a ring of positive energy (left hand)
Wands
 s - a wand of polymorph (7)
 B - a wand of charming (10)
Scrolls
 c - 2 scrolls of fear
 d - a scroll of immolation
 e - a scroll of magic mapping
 g - 3 scrolls of fog
 i - 2 scrolls of blinking
 u - a scroll of enchant armour {unknown}
 v - a scroll of torment {unknown}
 w - 2 scrolls of silence {unknown}
 x - a scroll of amnesia {unknown}
 y - 2 scrolls of vulnerability {unknown}
 z - a scroll of teleportation {unknown}
 A - a scroll of identify
Potions
 b - a potion of magic
 j - a potion of ambrosia
 k - a potion of attraction
 l - 2 potions of berserk rage {unknown}
 n - 3 potions of heal wounds
 r - a potion of invisibility {unknown}
 C - a potion of lignification {unknown}


   Skills:
 - Level 2.4 Dodging
 - Level 2.4 Stealth
 + Level 7.6 Spellcasting
 + Level 8.1 Conjurations
 * Level 3.6 Translocations


You had 14 spell levels left.
You knew the following spells:

 Your Spells              Type           Power      Damage    Failure   Level
a - Magic Dart            Conj           100%       1d8       1%          1
b - Searing Ray           Conj           100%       2d8       1%          2
c - Iskenderun's Mystic   Conj/Tloc      39%        2d9       5%          4

Your spell library contained the following spells:

 Spells                   Type           Power      Damage    Failure   Level
 Dazzling Flash           Conj/Hex       58%        N/A       3%          3
 Summon Small Mammal      Summ           36%        N/A       6%          1
 Fulminant Prism          Conj/Hex       14%        3d9       12%         4
 Call Canine Familiar     Summ           9%         N/A       19%         3
 Summon Guardian Golem    Hex/Summ       9%         N/A       19%         3


Dungeon Overview and Level Annotations

Branches:
Dungeon (5/15)
 Temple: D:4-7

Altars:

Shops:
D:3 :


Message History

Aiming: Searing Ray (safe; 1% risk of failure)
Press: ? - help, Shift-Dir - straight line, f - wight
Aim: a wight, wielding a +1 vorpal hand axe and wearing a +0 robe of fire resistance (83% to hit)
The searing ray hits the wight.
The wight is moderately damaged. (Press . to maintain the ray.)
The wight barely misses you.
The searing ray hits the wight.
The wight is heavily damaged.
The wight hits you with a +1 vorpal hand axe.
You partially resist.
You feel drained.
The searing ray hits the wight.
The wight is severely damaged.
The wight hits you with a +1 vorpal hand axe.
The searing ray hits the wight.
The wight is almost destroyed.
You finish channelling your searing ray.
The wight hits you with a +1 vorpal hand axe.
Casting: Searing Ray (safe; 1% risk of failure)
Confirm with . or Enter, or press ? or * to list all spells.
Okay, then.
Casting: Searing Ray (safe; 1% risk of failure)
Confirm with . or Enter, or press ? or * to list all spells.
Aiming: Searing Ray (safe; 1% risk of failure)
Press: ? - help, Shift-Dir - straight line, f/p - wight
Aim: a wight, wielding a +1 vorpal hand axe and wearing a +0 robe of fire resistance (almost destroyed, 83% to hit)
The searing ray misses the wight. (Press . to maintain the ray.)
The wight hits you with a +1 vorpal hand axe.
* * * LOW HITPOINT WARNING * * *
x2 The searing ray misses the wight.
The wight closely misses you.
The searing ray misses the wight.
The wight hits you with a +1 vorpal hand axe.
* * * LOW HITPOINT WARNING * * *
You partially resist.
You feel drained.
* * * LOW HITPOINT WARNING * * *
The searing ray misses the wight.
You finish channelling your searing ray.
The wight hits you with a +1 vorpal hand axe!
You die...

#...........z#.oz
..####...##### # #...# #...#
###### ###..[## .....#
#....!)# ##.########.##.#[#
#........#.#..#[# #######
#..#####.#..#.#@#####.....#
#..#####.#.#..z.....#.....#
##..##.....##.....##.......#
....##.##.#.......####.....#
###.##.##.#.......# #.....#
#.......#.......# ###.###
####.####.<.....# ##.# #.#
###...#######..## #.# .....
#...†...#


You could see a wight.

Vanquished Creatures
  A black bear (D:5)
  An ogre (D:4)
  A phantom (D:4)
  3 scorpions
  3 wights (D:5)
  A crimson imp (D:5)
  A hound (D:4)
  A jelly (D:5)
  3 iguanas
  An orc wizard (D:5)
  5 adders
  3 gnolls (D:4)
  2 dart slugs
  3 orcs (D:5)
  8 endoplasms
  4 giant cockroaches
  11 goblins
  7 hobgoblins
  3 jackals (D:5)
  7 kobolds
  3 quokkas
  4 ball pythons
  4 bats
  5 frilled lizards
  2 rats
87 creatures vanquished.

Notes
Turn   | Place    | Note
-------+----------+-------------------------------------------
     0 | D:1      | leavemydog the Deep Elf Conjurer began the quest for the
                  | Orb.
     0 | D:1      | Reached XP level 1. HP: 10/10 MP: 6/6
   223 | D:1      | Reached XP level 2. HP: 15/15 MP: 2/8
   228 | D:1      | Learned a level 2 spell: Searing Ray
   317 | D:1      | Reached skill level 5 in Conjurations
   342 | D:1      | Found a faded altar of an unknown god.
   953 | D:2      | Reached XP level 3. HP: 19/19 MP: 6/9
  1616 | D:3      | Found Cyassamm's Vocational Training.
  1669 | D:3      | Reached XP level 4. HP: 24/24 MP: 8/11
  1688 | D:3      | Learned a level 4 spell: Iskenderun's Mystic Blast
  1702 | D:3      | Identified the +9 short sword of Joyful Slaughter {vorpal,
                  | Str+2}
  2252 | D:4      | Noticed a phantom
  2257 | D:4      | Killed a phantom
  2258 | D:4      | Reached skill level 6 in Conjurations
  2258 | D:4      | Reached skill level 1 in Translocations
  2258 | D:4      | Reached XP level 5. HP: 28/28 MP: 8/13
  2374 | D:4      | Reached skill level 5 in Spellcasting
  2605 | D:4      | Noticed an ogre
  2610 | D:4      | Killed an ogre
  2611 | D:4      | Reached XP level 6. HP: 32/32 MP: 11/16
  2835 | D:4      | Reached skill level 7 in Conjurations
  3532 | D:5      | Entered Level 5 of the Dungeon
  3952 | D:5      | Reached XP level 7. HP: 34/36 MP: 14/18
  4373 | D:5      | Reached skill level 8 in Conjurations
  4612 | D:5      | Slain by a wight

Illustrated notes

Levels and vault maps discovered:
D:1:      sevenhm_arrival_forest_fort_small_4, layout_basic,
          ebering_ecumenical_altar_box, dreamdust_princess_corridor,
          kennysheep_crisscross, serial_park_tiny_2
D:2:      minmay_angry_zag, layout_basic
D:3:      layout_basic, nicolae_shop_vocational
D:4:      layout_layer_cave, serial_rivers, chequers_serial_rivers_marsh,
          chequers_serial_rivers_micro_e, chequers_serial_rivers_small_a,
          chequers_serial_rivers_small_a, chequers_serial_rivers_micro_e,
          kennysheep_minor_cross
D:5:      layout_loops_cross, nicolae_overflows_in_rows, minmay_fire_ice_demons

Skill      XL: |  1  2  3  4  5  6  7 |
---------------+----------------------+-----
Conjurations   | 5 6 7 8 |  8.1
Spellcasting   | 4 5 6 7 |  7.6
Translocations | 1 2 3 |  3.6
Dodging        | |  2.4
Stealth        | |  2.4

Action                   |  1- 3 |  4- 6 |  7- 9 || total
-------------------------+-------+-------+-------++-------
 Cast: Magic Dart        |    87 |    75 |    23 ||   185
       Searing Ray       |       |     5 |    11 ||    16
       Iskenderun's Myst |       |       |     1 ||     1
  Use: Scroll            |     3 |     5 |       ||     8
Armor: Robe              |       |     1 |       ||     1
Dodge: Dodged            |     7 |     3 |     6 ||    16
